 Dungeon Crawl Stone Soup version 0.31-a0-1002-g8e65716e6e (webtiles) character file.

Game seed: 12763665726966637239

9422 Armakuni the Zephyrmancer (level 11, -4/68 HPs)
             Began as a Human Wanderer on Nov 9, 2023.
             Was a Believer of Vehumet.
             Slain by a vampire (9 damage)
             ... on level 9 of the Dungeon.
             The game lasted 00:41:13 (10721 turns).

Armakuni the Zephyrmancer (Human Wanderer)         Turns: 10721, Time: 00:41:14

Health: -4/68      AC:  6    Str: 12    XL:     11   Next: 74%
Magic:  25/25      EV: 11    Int: 19    God:    Vehumet [**....]
Gold:   388        SH:  0    Dex: 11    Spells: 10/30 levels left

rFire   . . .        a - +1 whip (venom)
rCold   . . .        (no shield)
rNeg    . . .        e - +2 robe {Will+}
rPois   +            j - +1 hat
rElec   .            x - scarf {shadows}
rCorr   .            (no gloves)
SInv    .            f - +0 pair of boots
Will    +....        (no amulet)
Stlth   +            S - +4 ring of slaying
HPRegen 0.31/turn    P - ring of poison resistance
MPRegen 0.19/turn

%: no passive effects
@: on berserk cooldown, slowed, studying Long Blades, very slow
A: no striking features
a: Renounce Religion


You were on level 9 of the Dungeon.
You worshipped Vehumet.
Vehumet was pleased with you.
You visited 2 branches of the dungeon, and saw 12 of its levels.

You collected 388 gold pieces.

Inventory:

Hand Weapons
 a - a +1 whip of venom (weapon)
 b - a +2 trident of draining
Armour
 e - a +2 robe of willpower (worn)
 f - a +0 pair of boots (worn)
 j - a +1 hat (worn)
 u - a +1 buckler
 w - an orb of energy
 x - a scarf of shadows (worn)
Magical Staves
 z - a staff of fire
Jewellery
 l - a ring of ice
 I - a ring of see invisible
 L - a ring of flight
 N - a ring of positive energy
 P - a ring of poison resistance (right hand)
 S - a +4 ring of slaying (left hand)
Wands
 v - a wand of flame (3)
Scrolls
 d - 2 scrolls of amnesia
 g - a scroll of enchant weapon {unknown}
 i - a scroll of blinking
 k - 2 scrolls of fog
 n - a scroll of torment
 r - 2 scrolls of revelation
 y - a scroll of noise {unknown}
 B - a scroll of silence
Potions
 c - 3 potions of magic
 q - a potion of curing
 V - 2 potions of mutation


   Skills:
 - Level 1.0 Armour
 - Level 10.0 Spellcasting
 - Level 10.0 Conjurations
 + Level 6.6 Fire Magic
 - Level 10.0 Air Magic


You had 10 spell levels left.
You knew the following spells:

 Your Spells              Type           Power      Damage    Failure   Level
a - Arcjolt               Conj/Air       23%        1d33      3%          5
p - Plasma Beam           Fire/Air       20%        2x1d32    36%         6
s - Static Discharge      Conj/Air       94%        3-7/arc   1%          2
v - Vhi's Electric Charg  Tloc/Air       56%        N/A       10%         4
w - Passwall              Tmut/Erth      7%         N/A       11%         2
z - Shock                 Conj/Air       100%       1d9       1%          1

Your spell library contained the following spells:

 Spells                   Type           Power      Damage    Failure   Level
 Sandblast                Erth           18%        2d7       8%          1
 Kiss of Death            Conj/Necr      100%       2d13      1%          1
 Wereblood                Tmut           9%         N/A       11%         2
 Confusing Touch          Hex            9%         N/A       22%         3
 Tukima's Dance           Hex            9%         N/A       22%         3
 Dispel Undead            Necr           9%         3d8       58%         4
 Passage of Golubria      Tloc           9%         N/A       58%         4
 Yara's Violent Unravell  Hex/Tmut       4%         3d4       90%         5


Dungeon Overview and Level Annotations

Branches:
Dungeon (11/15)            Temple (1/1) D:5
   Lair: D:8-11         Orc: D:9-12

Altars:
Ashenzari
Cheibriados
Dithmenos
Elyvilon
Fedhas
Hepliaklqana
Kikubaaqudgha
Makhleb
Nemelex Xobeh
Okawaru
Qazlal
Ru
Sif Muna
Trog
Vehumet
Wu Jian
Xom
Yredelemnul
Zin
The Shining One

Shops:
D:6 =   D:7 (

Annotations:
D:5 1 runed translucent door, MrCrawl's ghost, amateur DrFE
D:9 Erolcha


Message History

The centaur warrior looks as sick as possible!
The centaur warrior is severely wounded.
The centaur warrior hits you with a +0 mace!
The centaur warrior completely misses you.
You barely miss the centaur warrior.
The centaur warrior is severely wounded.
The centaur warrior hits you with a +0 mace.
The centaur warrior barely misses you.
The vampire casts a spell.
The vampire flickers and vanishes!
Deactivating autopickup; reactivate with Ctrl-A.
You whack the centaur warrior!
The centaur warrior looks as sick as possible!
The centaur warrior is almost dead.
The centaur warrior barely misses you. x2
You hit the centaur warrior.
The centaur warrior looks as sick as possible!
The centaur warrior is almost dead.
You kill the centaur warrior!
Vehumet accepts your kill.
Your Fire Magic skill increases to level 6!
You whack something! Something hits you but does no damage.
Something bites you!
Something draws strength from your injuries!
You whack something! You barely miss something.
Something draws life force from you!
* * * LOW HITPOINT WARNING * * *
You whack something! Something hits you!
* * * LOW HITPOINT WARNING * * *
Something bites you but does no damage.
You closely miss something. Something draws life force from you!
* * * LOW HITPOINT WARNING * * *
You whack something!
You are no longer berserk.
You are exhausted.
You feel yourself slow down.
You feel better. Something hits you.
* * * LOW HITPOINT WARNING * * *
Something bites you but does no damage. Something hits you!
You die...

#.# #.# #.#
#.# #.# #.#
#.# #.# #.#
#.# #.# #.#
#.# #.# #.#
#.# #@# #.#
#{# #)# #.#
#.# ..# #.#
.### #.# cV
#.# .. #.#
...
#####.#####
...........#


There were no monsters in sight!

Vanquished Creatures
  2 centaur warriors (D:9)
  Erica (D:8)
  A two-headed ogre (D:10)
  A boulder beetle (D:9)
  Joseph (D:7)
  A manticore (D:6)
  An unseen horror (D:10)
  Jeremiah (D:8)
  Prince Ribbit (D:5)
  A human (D:6)
  A wyvern (D:9)
  A wraith (D:11)
  Grum (D:7)
  A basilisk (D:6)
  3 water moccasins
  2 orc warriors
  4 ice beasts
  An ogre (D:4)
  A sky beast (D:6)
  4 wolves
  2 black bears
  3 centaurs
  2 phantoms
  A kobold brigand (D:9)
  Blork the orc (D:6)
  3 bullfrogs
  A gnoll sergeant (D:6)
  2 scorpions
  15 killer bees
  6 howler monkeys
  3 hounds
  A jelly (D:6)
  7 orc priests
  3 sleepcaps
  Jessica (D:2)
  2 iguanas (D:5)
  10 orc wizards
  7 gnolls
  10 adders
  2 shadow imps
  2 white imps
  2 ufetubi (D:6)
  2 dart slugs
  33 orcs
  20 ball pythons
  6 endoplasms
  6 giant cockroaches
  4 goblins
  6 hobgoblins
  8 jackals
  4 quokkas
  6 bats
  5 frilled lizards
  A goblin zombie (D:6)
  11 kobolds
  10 rats
238 creatures vanquished.

Vanquished Creatures (others)
  A howler monkey (D:9)
1 creature vanquished.

Grand Total: 239 creatures vanquished

Notes
Turn   | Place    | Note
-------+----------+-------------------------------------------
     0 | D:1      | Armakuni the Human Wanderer began the quest for the Orb.
     0 | D:1      | Armakuni set off with the following items: a +0 club, a
                  | scroll of fog, a +0 scale mail; and the following spell
                  | memorised: Shock; and the following spells available to
                  | memorise: Static Discharge, Passwall, Wereblood, Vhi's
                  | Electric Charge.
     0 | D:1      | Reached XP level 1. HP: 13/13 MP: 5/5
   144 | D:1      | Reached XP level 2. HP: 11/19 MP: 1/7
   250 | D:1      | Found a faded altar of an unknown god.
   437 | D:1      | Reached XP level 3. HP: 24/24 MP: 6/8
   516 | D:1      | Learned a level 2 spell: Static Discharge
  1390 | D:2      | Reached XP level 4. HP: 30/30 MP: 5/10
  1723 | D:2      | HP: 1/30 [/static electricity (2)]
  1879 | D:2      | Reached XP level 5. HP: 30/35 MP: 11/11
  2027 | D:2      | Noticed Jessica
  2032 | D:2      | Killed Jessica
  2452 | D:3      | Learned a level 4 spell: Vhi's Electric Charge
  2544 | D:3      | Reached XP level 6. HP: 41/41 MP: 12/12
  2914 | D:4      | Noticed an ogre
  3179 | D:4      | Noticed a water moccasin
  3184 | D:4      | Killed a water moccasin
  3184 | D:4      | Killed an ogre
  3185 | D:4      | Reached XP level 7. HP: 39/46 MP: 9/13
  3573 | D:4      | Reached XP level 8. HP: 47/52 MP: 14/14
  3780 | D:4      | Found a shimmering altar of Xom.
  4053 | D:5      | Identified the of Xekuh
  4053 | D:5      | Entered Level 5 of the Dungeon
  4053 | D:5      | Noticed Prince Ribbit
  4060 | D:5      | Killed Prince Ribbit
  4061 | D:5      | Reached skill level 10 in Air Magic
  4184 | D:5      | Learned a level 5 spell: Arcjolt
  4372 | D:5      | Found a bloodstained altar of Trog.
  4688 | D:5      | Reached skill level 5 in Conjurations
  4817 | D:5      | Found a hazy altar of Hepliaklqana.
  4849 | D:5      | Found a runed translucent door.
  4850 | D:5      | Noticed MrCrawl's ghost (amateur DrFE)
  4961 | D:5      | Found a staircase to the Ecumenical Temple.
  4968 | Temple   | Entered the Ecumenical Temple
  4975 | Temple   | Became a worshipper of Vehumet
  5279 | D:6      | Found Ahalyel's Jewellery Boutique.
  5608 | D:6      | Reached XP level 9. HP: 24/57 MP: 6/15
  5981 | D:6      | Noticed Blork the orc
  5990 | D:6      | Killed Blork the orc
  6303 | D:6      | Noticed a manticore
  6620 | D:7      | Noticed Joseph
  6665 | D:7      | Killed Joseph
  6780 | D:7      | Reached * piety under Vehumet
  6780 | D:7      | Offered knowledge of Foxfire by Vehumet.
  6856 | D:7      | Learned a level 2 spell: Passwall
  6871 | D:7      | Reached XP level 10. HP: 55/63 MP: 13/16
  6940 | D:7      | Reached skill level 10 in Conjurations
  7066 | D:7      | Found Neorghica's Firing Range.
  7282 | D:7      | Found a snail-covered altar of Cheibriados.
  7505 | D:7      | Found an ornate altar of the Wu Jian Council.
  7523 | D:7      | Reached skill level 5 in Spellcasting
  7772 | D:7      | Found a shimmering blue altar of Sif Muna.
  7921 | D:8      | Noticed Grum
  8050 | D:7      | Killed Grum
  8408 | D:8      | Noticed Erica
  8413 | D:8      | Killed Erica
  8413 | D:8      | Noticed Jeremiah
  8630 | D:8      | Killed Jeremiah
  8630 | D:8      | Reached ** piety under Vehumet
  8667 | D:8      | Found a stormy altar of Qazlal.
  8692 | D:8      | You fall into a shaft and drop 3 floors!
  8705 | D:11     | Noticed a tengu warrior
  8707 | D:11     | Noticed a manticore
  8708 | D:10     | Entered Level 10 of the Dungeon
  8832 | D:10     | Noticed an unseen horror
  8832 | D:10     | Noticed a two-headed ogre
  8841 | D:10     | Killed an unseen horror
  8842 | D:10     | Reached XP level 11. HP: 66/68 MP: 16/23
  8846 | D:10     | Killed a two-headed ogre
  8858 | D:10     | Offered knowledge of Sandblast by Vehumet.
  9065 | D:10     | Learned a level 6 spell: Plasma Beam
  9273 | D:6      | Found a runed translucent door.
  9277 | D:6      | Found a basalt altar of Yredelemnul.
  9386 | D:6      | Reached skill level 10 in Spellcasting
  9629 | D:6      | Killed a manticore
 10144 | D:9      | Noticed Erolcha
 10240 | D:9      | Noticed a centaur warrior
 10241 | D:9      | Noticed a boulder beetle
 10248 | D:9      | Killed a centaur warrior
 10248 | D:9      | Killed a boulder beetle
 10249 | D:9      | Reached skill level 5 in Fire Magic
 10250 | D:9      | Noticed a cyclops
 10403 | D:9      | Noticed a boulder beetle
 10455 | D:9      | Noticed a centaur warrior
 10714 | D:9      | Killed a centaur warrior
 10719 | D:9      | HP: 2/102 [something (13)]
 10721 | D:9      | Slain by a vampire

Illustrated notes

Levels and vault maps discovered:
D:1:      dpeg_arrival_more_subterranean_lakeside_camping, layout_rooms,
          hellmonk_ecumenical_altar_lost_god, corexii_item_surrounded_by_moat
D:2:      layout_basic, nicolae_grassy_gnolls, uniq_jessica
D:3:      layout_basic
D:4:      layout_cave_pools, xom_teletrap_fun, kennysheep_crisscross,
          minmay_unequal
D:5:      layout_basic, trog_book, worldfamousw_hep_ancestral_shrine,
          minmay_temple_entry_fiery, ebering_ghost_sewer_d, uniq_prince_ribbit1
D:6:      layout_basic, dk_yredelemnul_ordeal, serial_shops, shop,
          minmay_misc_feat_more_columns, hangedman_decor_peaks_small,
          minmay_manual_moon, uniq_blork_the_orc
D:7:      layout_basic, nicolae_overflow_hidden_temple, marbit_many_paths,
          pdpol_wu_jian_five_deadly_venoms, nicolae_shop_firing_range,
          uniq_joseph
D:8:      layout_cave_pools, mainiacjoe_overflow_catwalk, uniq_erica, uniq_grum,
          uniq_jeremiah
D:9:      minmay_the_grid_octo_triangle [minmay_the_grid_octo_concentric,
          minmay_the_grid_octo_prize_big_c, minmay_the_grid_octo_empty],
          layout_basic, chequers_mini_garden, kb_lookout_dungeons_type,
          corner_web_ring, kennysheep_small_square, uniq_erolcha
D:10:     layout_basic, eat_drink_and_be_merry_uskayaw,
          nicolae_gozag_cash_rules_everything_around_me,
          erik_lair_orcish_takeover, zombieorc2_lemuel, hellmonk_ghost_big_iron
D:11:     layout_long_grid, grunt_dithmenos_smoke_and_mirrors
Temple:   nicolae_temple_no_exploring_needed

Skill      XL: |  1  2  3  4  5  6  7  8  9 10 11 |
---------------+----------------------------------+-----
Air Magic      | 6 7 8 9 10 | 10.0
Conjurations   | 2 6 9 10 | 10.0
Spellcasting   | 8 10 | 10.0
Fire Magic     | 6 |  6.6
Armour         | |  1.0

Action                     |  1- 3 |  4- 6 |  7- 9 | 10-12 || total
---------------------------+-------+-------+-------+-------++-------
  Melee: Club              |    14 |       |       |       ||    14
         Whip              |     8 |    76 |   109 |   106 ||   299
         Punch             |       |       |     4 |     2 ||     6
  Throw: Dart              |       |       |       |     1 ||     1
   Cast: Shock             |    72 |    13 |    74 |    50 ||   209
         Static Discharge  |       |    23 |    41 |    28 ||    92
         Arcjolt           |       |       |     1 |    30 ||    31
  Evoke: Wand              |       |     3 |    24 |     9 ||    36
    Use: Scroll            |     2 |     6 |     6 |     5 ||    19
         Potion            |       |     3 |     6 |     6 ||    15
   Stab: Sleeping          |       |       |     1 |       ||     1
         Invisible         |       |       |       |     1 ||     1
 Armour: Skin              |    23 |       |       |       ||    23
         Ring mail         |     4 |    72 |       |       ||    76
         Leather armour    |       |    27 |   183 |   135 ||   345
         Robe              |       |       |       |    77 ||    77
  Dodge: Dodged            |    43 |    57 |    67 |   114 ||   281

Table legend: (Time is in decaauts)
 A = Elapsed time spent in this place.
 B = Non-inter-level travel time spent in this place.
 C = Inter-level travel time spent in this place.
 D = Time resting spent in this place.
 E = Time spent auto-exploring this place.
 F = Levels seen in this place.
 G = Mean time per level.
                   A        B        C        D        E       F      G
               +--------+--------+--------+--------+--------+-----+--------+
         Total |  10763 |  10338 |    425 |   2983 |   4801 |  12 |  896.9 |
       Dungeon |  10749 |  10330 |    419 |   2983 |   4801 |  11 |  977.2 |
        Temple |     14 |      8 |      6 |      0 |      0 |   1 |   14.0 |
               +--------+--------+--------+--------+--------+-----+--------+

Top non-repeatable levels by time:
     D:7: 1829 daAuts
     D:6: 1688 daAuts
     D:2: 1258 daAuts
     D:5: 1168 daAuts
     D:8: 1167 daAuts
     D:1: 1165 daAuts
     D:3: 894 daAuts
     D:4: 760 daAuts
     D:9: 438 daAuts
    D:10: 361 daAuts
    D:11: 15 daAuts
  Temple: 14 daAuts
